 Dungeon Crawl Stone Soup version 0.18.1-48-g4cf74bf (webtiles) character file.

126 Alarkh the Shooter (level 4, 0/33 HPs)
             Began as a Mummy Hunter on Aug 11, 2016.
             Slain by an orc
             ... wielding a +0 short sword
              (4 damage)
             ... on level 2 of the Dungeon.
             The game lasted 00:03:26 (1927 turns).

Alarkh the Shooter (Mummy Hunter)                   Turns: 1927, Time: 00:03:27

Health: 0/33       AC:  5    Str: 15    XL:     4   Next: 83%
Magic:  4/4        EV: 11    Int: 11    God:
Gold:   89         SH:  0    Dex: 12    Spells: 0 memorised, 3 levels left

rFire  x . .     SeeInvis .     a - +1 shortbow
rCold  + . .     Gourm    .     c - +0 leather armour
rNeg   + + +     Faith    .     (shield currently unavailable)
rPois  ∞         Spirit   .     (no helmet)
rElec  .         Dismiss  .     (no cloak)
rCorr  .         Reflect  .     (no gloves)
SustAt .         Harm     .     l - +1 pair of boots
MR     .....                    (no amulet)
Stlth  +.........               (no ring)
                                m - ring of positive energy

@: not resistant to hostile enchantments, very unstealthy
A: no food or potions, fire vulnerability, cold resistance 1, negative energy
resistance 3, torment resistance, unbreathing
a: no special abilities


You were on level 2 of the Dungeon.
You were not hungry.

You visited 1 branch of the dungeon, and saw 3 of its levels.

You collected 89 gold pieces.

Inventory:

Hand Weapons
 a - a +1 shortbow (weapon)
 b - a +0 short sword
Missiles
 d - 3 arrows (quivered)
Armour
 c - a +0 leather armour (worn)
 l - a +1 pair of boots (worn)
Jewellery
 m - a ring of positive energy (left hand)
Wands
 j - a wand of slowing (12/48)
Scrolls
 e - 2 scrolls of recharging
 f - a scroll of identify
 g - a scroll of magic mapping
 h - a scroll of teleportation {unknown}
 i - a scroll of fear {unknown}
 k - a scroll of blinking {unknown}


   Skills:
 - Level 2.0 Fighting
 + Level 5.1 Bows
 - Level 1.5 Dodging
 - Level 0.7 Stealth


You had 3 spell levels left.
You didn't know any spells.

Dungeon Overview and Level Annotations

Branches:
Dungeon (3/15)

Altars:
Ashenzari
Cheibriados
Elyvilon


Innate Abilities, Weirdness & Mutations

You do not eat or drink.
Your flesh is vulnerable to fire.
You are immune to poison.
Your flesh is cold resistant.
You are immune to negative energy.
You are immune to unholy pain and torment.
You can survive without breathing.


Message History

Aim: an orc, wielding a short sword and wearing a ring mail You shoot an arrow.
The arrow hits the orc.
The orc is lightly wounded.
The orc closely misses you. The orc barely misses you.
Firing (i - inventory):
d - 5 arrows (quivered)
Press: ? - help, Shift-Dir - straight line, f/p - orc
Aim: an orc, wielding a short sword and wearing a ring mail (lightly wounded)
You shoot an arrow. The arrow barely misses the orc.
The orc hits you but does no damage. The orc hits you with a short sword.
* * * LOW HITPOINT WARNING * * *
Firing (i - inventory):
d - 4 arrows (quivered)
Press: ? - help, Shift-Dir - straight line, f/p - orc
Aim: an orc, wielding a short sword and wearing a ring mail (lightly wounded)
You shoot an arrow.
The arrow hits the orc but does no damage.
The orc is lightly wounded.
The orc hits you with a falchion.
* * * LOW HITPOINT WARNING * * *
The orc hits you with a short sword.
You die...

#...#...### #......#
#.# #. #####.#.#
#...)..# #.# #.
........#####......#
#.# ##
............##...###
#.######
............###..#
#.......
##'####.....# #..#
#.###### ##.#
#.....# ##.#
#.##.... ##.#
#.....####o#
####.### #.#
#..(.....o@# #.#.#
#.###############
#.#.. #.........#
#.#.# #########.#
#.... #.# ###.#
##########.### #..
.............# ###
##############


You could see 2 orcs.

Vanquished Creatures
  A howler monkey (D:3)
  Ijyb (D:2)
  2 adders (D:2)
  2 dart slugs
  8 goblins
  6 hobgoblins
  A quokka (D:2)
  4 bats
  4 giant newts
  10 kobolds
  4 rats
43 creatures vanquished.

Notes
Turn   | Place    | Note
--------------------------------------------------------------
     0 | D:1      | Alarkh the Mummy Hunter began the quest for the Orb.
     0 | D:1      | Reached XP level 1. HP: 16/16 MP: 1/1
    46 | D:1      | Reached XP level 2. HP: 22/22 MP: 2/2
    86 | D:1      | Found a shattered altar of Ashenzari.
   448 | D:1      | Reached skill level 4 in Bows
   866 | D:2      | Reached XP level 3. HP: 16/27 MP: 3/3
   991 | D:2      | Noticed Ijyb
  1009 | D:2      | Killed Ijyb
  1203 | D:2      | Reached XP level 4. HP: 30/33 MP: 4/4
  1376 | D:2      | Found a white marble altar of Elyvilon.
  1597 | D:2      | Found a snail-covered altar of Cheibriados.
  1893 | D:3      | Reached skill level 5 in Bows
  1927 | D:2      | Slain by an orc

Skill      XL: |  1  2  3  4 |
---------------+-------------+-----
Bows           | 4 5 |  5.1
Fighting       | |  2.0
Dodging        | |  1.5
Stealth        | |  0.7

Action                   |  1- 3 |  4- 6 || total
-------------------------+-------+-------++-------
Melee: Short sword       |    17 |    78 ||    95
 Fire: Shortbow          |    71 |     4 ||    75
  Use: Scroll            |     2 |       ||     2
 Stab: Sleeping          |     1 |     1 ||     2
Armor: Leather armour    |    10 |    17 ||    27
Dodge: Dodged            |    24 |    73 ||    97
